 Dungeon Crawl Stone Soup version 0.19.4-8-ga85b6b9 (webtiles) character file.

150 empire the Cutter (level 5, -4/45 HPs)
             Began as a Draconian Monk on Feb 13, 2017.
             Slain by Sigmund
             ... wielding a +2 scythe of freezing
              (9 damage)
             ... on level 2 of the Dungeon.
             The game lasted 00:03:32 (1101 turns).

empire the Cutter (Draconian Monk)                  Turns: 1101, Time: 00:03:32

Health: -4/45      AC:  5    Str: 13    XL:     5   Next: 10%
Magic:  5/5        EV: 13    Int: 10    God:
Gold:   79         SH:  0    Dex: 15    Spells: 0 memorised, 4 levels left

rFire  . . .     SeeInvis .     a - +0 short sword
rCold  . . .     Gourm    .     (armour unavailable)
rNeg   . . .     Faith    .     c - +1 buckler (curse)
rPois  .         Spirit   .     (helmet restricted)
rElec  .         Reflect  .     (no cloak)
rCorr  .         Harm     .     (no gloves)
MR     .....                    (no boots)
Stlth  +.........               (no amulet)
                                (no ring)
                                e - +2 ring of slaying

@: confused
A: unfitting armour, cold-blooded, AC +5
a: no special abilities


You were on level 2 of the Dungeon.
You were not hungry.

You visited 1 branch of the dungeon, and saw 2 of its levels.

You collected 79 gold pieces.

Inventory:

Hand Weapons
 a - a +0 short sword (weapon)
Armour
 c - a cursed +1 buckler (worn)
Jewellery
 e - a +2 ring of slaying (left hand)
Scrolls
 d - a scroll of blinking
 f - a scroll of teleportation
 g - a scroll of identify
 k - a scroll of recharging
 m - a scroll of enchant weapon {unknown}
Potions
 l - a potion of heal wounds
Comestibles
 b - 3 bread rations
 h - 2 beef jerkies
 n - 5 chunks of flesh


   Skills:
 - Level 3.2 Fighting
 + Level 4.1 Short Blades
 - Level 3.1 Dodging
 + Level 3.0 Stealth
 * Level 2.2 Shields


You had 4 spell levels left.
You didn't know any spells.

Dungeon Overview and Level Annotations

Branches:
Dungeon (2/15)

Altars:

Annotations:
D:2 Sigmund


Innate Abilities, Weirdness & Mutations

Your plain brown scales are hard. (AC +5)
You cannot fit into any form of body armour.
You are cold-blooded and may be slowed by cold attacks.


Message History

Sigmund casts a spell.
Sigmund flickers and vanishes!
Deactivating autopickup; reactivate with Ctrl-A.
You miss something. Something hits you.
You feel as though you will be slow longer.
Something freezes you.
You hit something.
You hear some strange, mumbled words.
A magic dart appears from out of thin air!
The magic dart hits you! Something barely misses you.
You feel yourself speed up.
You feel a little less agile now.
You hear some strange, mumbled words.
You are confused.
Something hits you!
* * * LOW HITPOINT WARNING * * *
Something freezes you.
* * * LOW HITPOINT WARNING * * *
You bump into the rock wall.
Something hits you!
You die...

#.# #>..# ##.#
##.## #..# .#
#.## ##)##
##.####...###
#.......{...#
..####...#.##
##@#...###
#........
.......<#...###
.####.####...#
#. .#... #
...## #


There were no monsters in sight!

Vanquished Creatures
  Natasha (thrice) (D:2)
  Robin (D:2)
  An adder (D:2)
  An ooze (D:2)
  An orc (D:2)
  A ball python (D:2)
  7 bats
  4 giant cockroaches
  7 goblins
  10 hobgoblins
  3 jackals (D:2)
  A frilled lizard (D:1)
  5 kobolds
  6 rats
51 creatures vanquished.

Vanquished Creatures (others)
  A goblin (D:2)
1 creature vanquished.

Grand Total: 52 creatures vanquished

Notes
Turn   | Place    | Note
-------+----------+-------------------------------------------
     0 | D:1      | empire the Draconian Monk began the quest for the Orb.
     0 | D:1      | Reached XP level 1. HP: 19/19 MP: 1/1
   137 | D:1      | Reached XP level 2. HP: 23/26 MP: 2/2
   603 | D:2      | Reached XP level 3. HP: 29/31 MP: 3/3
   735 | D:2      | Noticed Robin
   747 | D:2      | Killed Robin
   967 | D:2      | Noticed Natasha
   972 | D:2      | Reached skill level 1 in Shields
   975 | D:2      | Killed Natasha
   975 | D:2      | Reached XP level 4. HP: 38/38 MP: 4/4
   978 | D:2      | Noticed Natasha
   987 | D:2      | Killed Natasha
  1008 | D:2      | Noticed Natasha
  1014 | D:2      | Killed Natasha
  1014 | D:2      | Reached skill level 4 in Short Blades
  1014 | D:2      | Reached XP level 5. HP: 32/45 MP: 5/5
  1043 | D:2      | Noticed Sigmund
  1101 | D:2      | Slain by Sigmund

Skill      XL: |  1  2  3  4 |
---------------+-------------+-----
Stealth        | 2 3 |  3.0
Dodging        | 3 |  3.1
Shields        | 1 2 |  2.2
Short Blades   | 4 |  4.1
Fighting       | |  3.2

Action                   |  1- 3 |  4- 6 || total
-------------------------+-------+-------++-------
Melee: Short sword       |   121 |    59 ||   180
       Tailslap          |    11 |     7 ||    18
  Use: Scroll            |     6 |       ||     6
       Potion            |       |     4 ||     4
 Stab: Sleeping          |     4 |       ||     4
  Eat: Chunk             |       |     1 ||     1
Armor: Skin              |    29 |    22 ||    51
Dodge: Dodged            |    63 |    26 ||    89
Block: Buckler           |    17 |    13 ||    30
